 Dungeon Crawl Stone Soup version 0.30.1-9-gdf580d7c3d (webtiles) character file.

Game seed: 15265308294911203579

96347 ChiefBigBeans the Peltast (level 15, -4/139 HPs)
             Began as a Minotaur Berserker on Sept 28, 2023.
             Was the Champion of Trog.
             Slain by an orc knight
             ... wielding a +0 long sword
             ... summoned by an orange crystal statue
              (7 damage)
             ... on level 15 of the Dungeon.
             The game lasted 00:49:13 (19418 turns).

ChiefBigBeans the Peltast (Minotaur Berserker)     Turns: 19418, Time: 00:49:14

Health: -4/139     AC: 21    Str: 30    XL:     15   Next: 68%
Magic:  4/15       EV:  9    Int:  8    God:    Trog [******]
Gold:   1435       SH:  0    Dex: 10    Spells: 14/14 levels left

rFire   . . .        a - +4 broad axe "Lyrocwynk" {heavy, *Rage rC+ rN+ Str+3}
rCold   + . .        H - +0 tower shield
rNeg    + . .        M - +6 chain mail {ponderous}
rPois   +            (helmet unavailable)
rElec   .            q - scarf {repulsion}
rCorr   .            c - +0 pair of gloves
SInv    +            (no boots)
Will    +....        C - amulet of regeneration Stlth
                     m - ring of see invisible
HPRegen 1.23/turn    I - ring of poison resistance
MPRegen 0.14/turn

%: random rage (20%), repel missiles
@: confused, spiked, on berserk cooldown, slowed, very slow
A: horns 3, retaliatory headbutt, clever 1, high MP 1, passive freeze
a: Renounce Religion, Berserk, Trog's Hand, Brothers in Arms


You were on level 15 of the Dungeon.
You worshipped Trog.
Trog was exalted by your worship.
You visited 3 branches of the dungeon, and saw 21 of its levels.
You also visited: Sewer and Gauntlet.

You collected 2039 gold pieces.
You spent 604 gold pieces at shops.

Inventory:

Hand Weapons
 a - the +4 broad axe "Lyrocwynk" (weapon) {heavy, *Rage rC+ rN+ Str+3}
   (Trog gifted it to you on level 8 of the Dungeon)

   Str:       It affects your strength (+3).
   rC:        It protects you from cold.
   rN:        It protects you from negative energy.
   *Rage:     It berserks you when you make melee attacks (+20% chance).
 d - a +2 antimagic scimitar
Armour
 c - a +0 pair of gloves (worn)
 n - a +2 pair of boots
 q - a scarf of repulsion (worn)
 y - +0 fire dragon scales
 H - a +0 tower shield (worn)
 M - a +6 chain mail of ponderousness (worn)
Jewellery
 m - a ring of see invisible (left hand)
 t - a +4 ring of protection
 B - a ring of protection from fire
 C - an amulet of regeneration (around neck)
 F - a ring of protection from cold
 I - a ring of poison resistance (right hand)
Wands
 p - a wand of iceblast (19)
 r - a wand of paralysis (13)
 x - a wand of quicksilver (13)
Scrolls
 f - a scroll of butterflies
 h - 2 scrolls of fear
 j - 4 scrolls of fog
 l - 3 scrolls of magic mapping
 s - 9 scrolls of teleportation
 u - 21 scrolls of identify
 z - 4 scrolls of blinking
Potions
 b - a potion of cancellation
 e - 10 potions of flight
 g - 4 potions of haste
 k - 9 potions of might
 v - a potion of ambrosia
 w - 3 potions of invisibility
 A - 2 potions of magic
 D - a potion of resistance
 E - 2 potions of berserk rage
 G - 4 potions of heal wounds
 J - 6 potions of curing
Miscellaneous
 i - a lightning rod (4/4)
 o - a tin of tremorstones (2/2)


   Skills:
 + Level 14.9 Fighting
 + Level 15.2(15.8) Axes
 - Level 6.9(12.0) Maces & Flails
 + Level 15.8 Armour
 - Level 2.1 Dodging
 + Level 15.9 Shields
 + Level 10.8 Evocations


You had 14 spell levels left.
You didn't know any spells.
Your spell library contained the following spells:

 Spells                   Type           Power      Damage    Failure   Level
 Magic Dart               Conj           0%         1d3       93%         1
 Call Imp                 Summ           0%         N/A       98%         2
 Sublimation of Blood     Necr           0%         N/A       98%         2
 Call Canine Familiar     Summ           0%         N/A       100%        3
 Mephitic Cloud           Conj/Pois/Air  0%         N/A       100%        3
 Ozocubu's Armour         Ice            0%         N/A       100%        3
 Portal Projectile        Hex/Tloc       0%         N/A       100%        3
 Volatile Blastmotes      Fire/Tloc      0%         2d10      100%        3
 Fulminant Prism          Conj/Hex       0%         3d5       100%        4
 Iskenderun's Mystic Bla  Conj/Tloc      0%         2d3       100%        4
 Leda's Liquefaction      Hex/Erth       0%         N/A       100%        4
 Petrify                  Tmut/Erth      0%         N/A       100%        4
 Irradiate                Conj/Tmut      0%         3d11      100%        5
 Lee's Rapid Deconstruct  Erth           0%         3d4*      100%        5
 Ozocubu's Refrigeration  Ice            0%         4d7       100%        7


Dungeon Overview and Level Annotations

Branches:
Dungeon (15/15)            Temple (0/1) D:6            Lair (5/5) D:10
 Shoals (1/4) Lair:2        Snake (0/4) Lair:3        Slime (0/5) Lair:5
    Orc (0/2) D:10         Vaults (0/5) D:14          Sewer (visited)
Gauntlet (visited)
 Depths: D:15

Altars:
Cheibriados
Dithmenos
Elyvilon
Gozag
Kikubaaqudgha
Nemelex Xobeh
Qazlal
Sif Muna
Xom

Shops:
D:5 *   D:6 *   D:7 [   D:14 *

Annotations:
D:14 2 transporters, Kilet's ghost, adept GrEE
D:15 exclusion: orange crystal statue, Agnes


Innate Abilities, Weirdness & Mutations

You have a pair of large horns on your head.
You reflexively headbutt those who attack you in melee.
Your mind is acute. (Int +4, Str/Dex -1)
You have an increased reservoir of magic. (+10% MP)
A frigid envelope surrounds you and freezes all who hurt you.


Message History

* * * LOW HITPOINT WARNING * * *
The manticore flicks its tail.
The volley of spikes is repelled.
The orc knight hits you but does no damage.
The orc knight is very cold.
The orc knight is moderately wounded.
The manticore flicks its tail.
The volley of spikes hits you!
The barbed spikes become lodged in your body.
* * * LOW HITPOINT WARNING * * *
The barbs in your skin will harm you if you move.
Continue? [Y]es or [N]o only, please.
The barbs in your skin will harm you if you move.
Continue?
Okay, then.
You feel much better. Agnes hits you with a +0 lajatang.
* * * LOW HITPOINT WARNING * * *
Agnes is very cold.
Agnes is lightly wounded.
The orc knight hits you but does no damage.
The orc knight is very cold.
The orc knight is heavily wounded.
Agnes hits you with a +0 lajatang!
* * * LOW HITPOINT WARNING * * *
Agnes is very cold.
Agnes is lightly wounded.
The orange crystal statue glitters.
You are more confused.
You are too confused!
You are too confused!
Agnes barely misses you. Agnes hits you with a +0 lajatang!!
* * * LOW HITPOINT WARNING * * *
The orc knight hits you with a +0 long sword.
* * * LOW HITPOINT WARNING * * *
The orc knight is very cold.
The orc knight is heavily wounded.
The orange crystal statue glitters.
The manticore flicks its tail.
The volley of spikes misses you.
The volley of spikes hits Agnes.
Agnes completely misses you.
The orc knight hits you with a +0 long sword!
You die...

#.<..#..........
#....'..........
#....#..†.......
#....#..........
#....#)††.......
#....#..........
#........$......
###....i........
.......@o.......
.......W........
###....g.gW...#.
........8$k...#
....H.Wp......#
###.z.....g.....
...............
.............#.
.............#


You could see Agnes (skewered), a death knight (summoned), an orange crystal
statue, an orc knight (summoned), a skeletal warrior (summoned, wandering,
expiring), a manticore, a phantasmal warrior (summoned, wandering, expiring), a
freezing wraith (summoned, wandering, expiring), a rime drake (summoned), a
wraith (summoned, wandering, expiring) and 3 boggarts.

Vanquished Creatures
  Rupert (Lair:3)
  Jorgrun (D:12)
  A minotaur (Gauntlet)
  Josephine (Shoals:1)
  A fire dragon (Lair:5)
  8 vault guards (D:14)
  10 hydras
  A catoblepas (Lair:5)
  2 boulder beetles
  4 centaur warriors
  3 two-headed ogres
  A satyr (shapeshifter) (D:12)
  Urug (D:13)
  3 skeletal warriors (D:13)
  7 skysharks
  2 large abominations (Gauntlet)
  A sea snake (Shoals:1)
  3 lindwurms
  5 harpies (Shoals:1)
  25 ugly things
  2 cyclopes
  5 manticores
  Joseph (D:8)
  A water nymph (Shoals:1)
  11 cane toads
  7 torpor snails
  2 black mambas
  Maggie (Lair:2)
  2 rime drakes
  An unseen horror (D:11)
  2 gargoyles
  A kobold demonologist (D:13)
  10 komodo dragons
  2 merfolk (Shoals:1)
  5 tyrant leeches
  11 polar bears (Lair:5)
  5 trolls
  9 hornets
  10 blink frogs
  6 dream sheep (Lair:5)
  5 snapping turtles
  Prince Ribbit (D:6)
  3 raiju (Lair:5)
  13 slime creatures
  Sigmund (D:5)
  A jumping spider (shapeshifter) (D:15)
  4 shadows
  5 wraiths (Shoals:1)
  2 wyverns
  A water elemental (Shoals:1)
  Eustachio (D:6)
  71 yaks
  A basilisk (Lair:3)
  6 wargs (Lair:5)
  12 vampire mosquitoes
  Menkaure (D:6)
  2 swamp worms (Gauntlet)
  2 nagas (Lair:3)
  An acid dragon (D:13)
  12 hell hounds (Lair:5)
  9 water moccasins
  7 orc warriors
  2 sky beasts
  3 ice beasts
  12 black bears
  7 centaurs
  19 wolves
  2 ogres (D:5)
  Blork the orc (D:6)
  4 kobold brigands
  3 small abominations (Gauntlet)
  6 bullfrogs
  A gnoll sergeant (D:8)
  3 scorpions
  16 wights
  29 killer bees
  11 electric eels
  3 howler monkeys (D:9)
  5 lava snakes
  5 jellies
  6 orc priests
  A gnoll bouda (D:9)
  8 hounds
  3 sleepcaps (D:5)
  4 iguanas
  9 orc wizards
  A hell rat (Lair:2)
  Robin (D:2)
  12 adders
  20 gnolls
  7 river rats
  2 white imps
  2 ufetubi
  3 worms
  4 dart slugs
  30 orcs
  16 ball pythons
  5 bats
  10 endoplasms
  7 giant cockroaches
  16 goblins
  14 hobgoblins
  9 jackals
  14 quokkas
  7 frilled lizards
  14 kobolds
  6 rats
699 creatures vanquished.

Vanquished Creatures (others)
  5 dream sheep (D:9)
  An orc wizard (D:11)
  An orc (D:7)
7 creatures vanquished.

Grand Total: 706 creatures vanquished

Notes
Turn   | Place    | Note
-------+----------+-------------------------------------------
     0 | D:1      | ChiefBigBeans the Minotaur Berserker began the quest for
                  | the Orb.
     0 | D:1      | Reached XP level 1. HP: 19/19 MP: 0/0
   117 | D:1      | Reached XP level 2. HP: 22/27 MP: 1/1
   273 | D:1      | Reached ** piety under Trog
   358 | D:1      | Reached XP level 3. HP: 34/34 MP: 2/2
  1239 | D:2      | Reached XP level 4. HP: 38/41 MP: 3/3
  1250 | D:2      | Noticed Robin
  1256 | D:2      | Reached skill level 5 in Maces & Flails
  1257 | D:2      | Reached skill level 5 in Fighting
  1278 | D:2      | Killed Robin
  1284 | D:2      | Reached *** piety under Trog
  1819 | D:3      | Reached XP level 5. HP: 43/48 MP: 4/4
  2166 | D:3      | Reached XP level 6. HP: 40/57 MP: 5/5
  2167 | D:3      | Found a glowing drain.
  2174 | Sewer    | Entered a sewer
  2631 | Sewer    | Reached **** piety under Trog
  3979 | D:5      | Entered Level 5 of the Dungeon
  4020 | D:5      | Reached skill level 1 in Shields
  4063 | D:5      | Noticed Sigmund
  4071 | D:5      | Killed Sigmund
  4072 | D:5      | Reached XP level 7. HP: 66/66 MP: 6/6
  4090 | D:5      | Found Homun's Neck Hole.
  4098 | D:5      | Bought a scarf of repulsion for 156 gold pieces
  4449 | D:5      | Identified the +8 war axe "Plog" {venom, Int+3}
  4478 | D:5      | Reached skill level 1 in Axes
  4478 | D:5      | Reached skill level 5 in Shields
  4521 | D:5      | Reached XP level 8. HP: 57/73 MP: 7/7
  4529 | D:5      | Reached skill level 5 in Armour
  4911 | D:5      | Gained mutation: Your mind is acute. (Int +4, Str/Dex -1)
                  | [potion of mutation]
  4911 | D:5      | Gained mutation: You have an increased reservoir of magic.
                  | (+10% MP) [potion of mutation]
  4911 | D:5      | Gained mutation: A frigid envelope surrounds you and
                  | freezes all who hurt you. [potion of mutation]
  4911 | D:5      | Gained mutation: You have a pair of large horns on your
                  | head. [potion of mutation]
  5086 | D:6      | Noticed Menkaure
  5091 | D:6      | Killed Menkaure
  5180 | D:6      | Reached skill level 5 in Axes
  5214 | D:6      | Reached XP level 9. HP: 79/79 MP: 8/8
  5220 | D:6      | Found a snail-covered altar of Cheibriados.
  5288 | D:6      | Found a staircase to the Ecumenical Temple.
  5337 | D:6      | Found Ridoyhant's Retail Resort.
  5474 | D:6      | Noticed Prince Ribbit
  5479 | D:6      | Killed Prince Ribbit
  5484 | D:6      | Reached ***** piety under Trog
  5540 | D:6      | Noticed Blork the orc
  5545 | D:6      | Killed Blork the orc
  5590 | D:6      | Found a shadowy altar of Dithmenos.
  5712 | D:6      | Noticed Eustachio
  5743 | D:6      | Killed Eustachio
  6318 | D:7      | Found Obrysari's Antique Armour Shop.
  6409 | D:7      | Found a stormy altar of Qazlal.
  6517 | D:7      | You fall into a shaft and drop 2 floors!
  6799 | D:8      | Reached XP level 10. HP: 86/86 MP: 10/10
  6983 | D:8      | Identified the +4 broad axe "Lyrocwynk" {heavy, *Rage rC+
                  | rN+ Str+3} (Trog gifted it to you on level 8 of the
                  | Dungeon)
  6983 | D:8      | Received a gift from Trog
  7661 | D:8      | Noticed Joseph
  7668 | D:8      | Killed Joseph
  7669 | D:8      | Reached skill level 10 in Shields
  7835 | D:9      | Reached skill level 10 in Armour
  8698 | D:9      | HP: 3/90 [large slime creature (17)]
  8847 | D:9      | Reached XP level 11. HP: 67/95 MP: 11/11
  8892 | D:9      | Found a shimmering altar of Xom.
  8988 | D:9      | Found an ancient bone altar of Kikubaaqudgha.
  9101 | D:9      | Found a sparkling altar of Nemelex Xobeh.
  9202 | D:10     | Entered Level 10 of the Dungeon
  9212 | D:10     | Reached skill level 10 in Axes
  9273 | D:10     | Found a staircase to the Lair.
  9361 | D:10     | Found a staircase to the Orcish Mines.
  9381 | D:10     | Found a shimmering blue altar of Sif Muna.
  9621 | D:10     | Reached skill level 10 in Fighting
 10123 | D:11     | Noticed a cyan ugly thing
 10129 | D:11     | Killed a cyan ugly thing
 10376 | D:11     | Noticed a two-headed ogre
 10381 | D:11     | Killed a two-headed ogre
 10381 | D:11     | Received a gift from Trog
 10941 | Lair:1   | Entered Level 1 of the Lair of Beasts
 10987 | Lair:1   | Reached XP level 12. HP: 108/108 MP: 12/12
 11626 | Lair:2   | Noticed a five-headed hydra
 11630 | Lair:2   | Killed a six-headed hydra
 11770 | Lair:2   | Identified the +1 war axe "Rabby" {holy, rElec Will- Dex+4
                  | SInv}
 11948 | Lair:2   | Found a runed translucent door.
 12238 | Lair:2   | Found a white marble altar of Elyvilon.
 12254 | Lair:2   | Reached skill level 1 in Evocations
 12266 | Lair:2   | Noticed Maggie
 12276 | Lair:2   | Killed Maggie
 12477 | Lair:2   | Found a staircase to the Shoals.
 12721 | Shoals:1 | Entered Level 1 of the Shoals
 12764 | Shoals:1 | Reached skill level 5 in Evocations
 12766 | Shoals:1 | Reached XP level 13. HP: 117/117 MP: 13/13
 12826 | Shoals:1 | Noticed Josephine
 12839 | Shoals:1 | Killed Josephine
 13458 | Shoals:1 | Received a gift from Trog
 13606 | Lair:3   | Found a staircase to the Snake Pit.
 14070 | Lair:3   | Noticed Rupert
 14077 | Lair:3   | Killed Rupert
 14970 | Lair:4   | You fall into a shaft and drop 1 floor!
 14970 | Lair:5   | Entered Level 5 of the Lair of Beasts
 14970 | Lair:5   | Found a staircase to the Slime Pits.
 15022 | Lair:5   | Reached XP level 14. HP: 99/127 MP: 14/14
 15105 | Lair:5   | Found a gate leading to a gauntlet.
 15114 | Gauntlet | Entered a Gauntlet
 15114 | Gauntlet | Found a transporter.
 15114 | Gauntlet | Found a transporter.
 15115 | Gauntlet | Found a transporter.
 15118 | Gauntlet | Found a transporter.
 15118 | Gauntlet | Found a transporter.
 15257 | Gauntlet | Found a transporter.
 15282 | Gauntlet | Found a transporter.
 15326 | Gauntlet | Identified the +5 quarterstaff of Dissent {drain, rF- Str+3
                  | SInv}
 15329 | Gauntlet | Received a gift from Trog
 15350 | Gauntlet | Identified the +2 helmet of the Cricket {Str+2}
 15780 | Lair:5   | Found the +8 demon trident "Rift" {distort, reach+}
 15884 | Lair:5   | Reached ****** piety under Trog
 16231 | Lair:5   | Found a runed translucent door.
 16609 | Lair:5   | Received a gift from Trog
 17097 | D:12     | Reached skill level 15 in Shields
 17378 | D:12     | Noticed a ghost moth
 17378 | D:12     | a ghost moth changed into an ice dragon
 17381 | D:12     | an ice dragon changed into a broodmother
 17381 | D:12     | Noticed a broodmother (glowing shapeshifter)
 17383 | D:12     | a broodmother changed into a fire dragon
 17387 | D:12     | an ice dragon changed into a ghost moth
 17387 | D:12     | Noticed a ghost moth (glowing shapeshifter)
 17388 | D:12     | a ghost moth changed into a minotaur
 17441 | D:12     | Noticed Jorgrun
 17448 | D:12     | Killed Jorgrun
 17449 | D:12     | Reached skill level 15 in Armour
 17449 | D:12     | Reached skill level 10 in Evocations
 17819 | D:13     | Reached XP level 15. HP: 103/138 MP: 15/15
 18109 | D:13     | Noticed Urug
 18118 | D:13     | Killed Urug
 18480 | D:6      | Bought the +4 ring mail of Space {rF- rCorr Str+6 Stlth-}
                  | for 448 gold pieces
 18824 | D:14     | Found Gozag's Platinum Reserve.
 18824 | D:14     | Found an opulent altar of Gozag.
 18853 | D:14     | Noticed Kilet's ghost (adept GrEE)
 18874 | D:14     | Found a transporter.
 18879 | D:14     | Found a transporter.
 18948 | D:14     | Received a gift from Trog
 19097 | D:14     | Reached skill level 15 in Axes
 19117 | D:14     | Found a gate to the Vaults.
 19377 | D:15     | Entered Level 15 of the Dungeon
 19414 | D:15     | Noticed Agnes
 19418 | D:15     | HP: 5/139 [Agnes/+0 lajatang (21)]
 19418 | D:15     | Slain by an orc knight

Illustrated notes

Levels and vault maps discovered:
D:1:      spicycebolla_arrival_clurvy, layout_loops_ring
D:2:      layout_loops_corners, uniq_robin
D:3:      layout_basic, gup_sewer_entry_bubbles
D:4:      layout_basic
D:5:      minmay_chambers_of_threes, layout_loops_ring,
          nicolae_shop_sticking_my_neck_out, uniq_sigmund
D:6:      layout_loops_cross, kennysheep_slug_shrine,
          nicolae_overflow_crystal_walls, minmay_temple_entry_statues_pillars,
          nicolae_alphabet_shops, sigmund_army, uniq_menkaure, uniq_eustachio,
          uniq_blork_the_orc, uniq_prince_ribbit1
D:7:      layout_loops_cross, nicolae_qazlal_scattered_showers, serial_shops,
          nicolae_shop_trees
D:8:      layout_loops_corners, uniq_joseph
D:9:      layout_irregular_city, nicolae_overflow_hidden_temple,
          kb_xom_exploding_sheep, nicolae_lava_and_water
D:10:     layout_rooms, overflow_temple_1_default, erik_lair_island,
          orc_0_dummy, kennysheep_generic_room_16
D:11:     layout_roguey
D:12:     layout_irregular_city, kennysheep_four_rooms, uniq_jorgrun
D:13:     layout_cave_pools, uniq_urug
D:14:     layout_cross, erik_vaults_2, gammafunk_ghost_hive,
          nicolae_gozag_zags_fifth_avenue
D:15:     grunt_enter_depths_hoard, layout_irregular_city,
          gammafunk_ghost_mausoleum, minivault_16, uniq_agnes
Lair:1:   layout_gridlike, beast_lair_carwin_6
Lair:2:   gammafunk_lair_enchanted_lake, layout_regular_city,
          minmay_shoals_entry_hut, basic_altar, chequers_serial_rivers_micro_e,
          uniq_maggie
Lair:3:   layout_hall_layers, guppyfry_snake_entry_island, grunt_megastairs_3,
          uniq_rupert
Lair:4:   layout_cave_pods
Lair:5:   wormcave, layout_hall_layers, hangedman_lair_caniforms_friends,
          slime_entry_1, gauntlet_entry_generic, nicolae_lair_liquid_snakes,
          serial_bayou_shore_a
Shoals:1: layout_shoals, uniq_josephine

Skill      XL: |  1  2  3  4  5  6  7  8  9 10 11 12 13 14 15 |
---------------+----------------------------------------------+-----
Fighting       | 4 5 6 7 8 10 11 12 14 | 14.9
Maces & Flails | 4 5 6 |  6.9
Shields        | 3 5 7 9 10 12 13 14 15 | 15.9
Armour         | 3 4 6 9 10 12 13 15 | 15.8
Axes           | 1 5 7 9 11 12 13 14 15 | 15.2
Evocations     | 5 8 10 | 10.8
Dodging        | |  2.1

Action                     |  1- 3 |  4- 6 |  7- 9 | 10-12 | 13-15 || total
---------------------------+-------+-------+-------+-------+-------++-------
  Melee: Mace              |   100 |   203 |    42 |       |       ||   345
         Headbutt          |    14 |    27 |    25 |    45 |    89 ||   200
         Punch             |       |     1 |       |       |       ||     1
         War axe           |       |       |   151 |    33 |       ||   184
         Broad axe         |       |       |       |   276 |   525 ||   801
    Use: Scroll            |     3 |    13 |     1 |    12 |     5 ||    34
         Potion            |     1 |     3 |     6 |     2 |     4 ||    16
 Armour: Animal skin       |     4 |       |       |       |       ||     4
         Chain mail        |    55 |   147 |    90 |   184 |   396 ||   872
  Dodge: Dodged            |    43 |   126 |    66 |   137 |   234 ||   606
         Repelled          |       |       |     2 |     7 |     8 ||    17
  Block: Kite shield       |       |     3 |   122 |   231 |    76 ||   432
         Tower shield      |       |       |       |       |   483 ||   483
